 Dungeon Crawl Stone Soup version 0.26-a0-672-g1df16c3386 (webtiles) character file.

Game seed: 15205854940717042849

58583 marklar909 the Spear-Bearer (level 15, -2/115 HPs)
             Began as a Formicid Abyssal Knight on Oct 19, 2020.
             Was the Champion of Lugonu.
             Slain by a dire elephant (28 damage)
             ... on level 6 of the Lair of Beasts.
             The game lasted 01:05:20 (29237 turns).

marklar909 the Spear-Bearer (FoAK)                 Turns: 29237, Time: 01:05:20

Health: -2/115     AC: 25    Str: 22    XL:     15   Next: 30%
Magic:  35/35      EV: 14    Int: 16    God:    Lugonu [******]
Gold:   1057       SH:  0    Dex: 11    Spells: 18/29 levels left

rFire    . . .     SeeInvis +   a - +1 spear (venom)
rCold    . . .     Faith    .   (no shield)
rNeg     . . .     Spirit   .   s - +3 chain mail {MR+}
rPois    +         Reflect  .   (helmet unavailable)
rElec    .         Harm     .   O - +2 cloak
rCorr    .         Rampage  .   f - +2 pair of gloves
MR       ++...                  c - +2 pair of boots
Stlth    ..........             p - amulet of regeneration
HPRegen  0.69/turn              X - ring "Inelodgh" {rPois MP+9 Int+4}
MPRegen  0.24/turn              i - +4 ring of evasion

@: no status effects
A: permanent stasis, dig shafts and tunnels, four strong arms, antennae 3
a: Dig, Shaft Self, Depart the Abyss, Bend Space, Banish, Corrupt, Enter the
Abyss, Brand Weapon With Distortion, Renounce Religion


You were on level 6 of the Lair of Beasts.
You worshipped Lugonu.
Lugonu was exalted by your worship.
You visited 2 branches of the dungeon, and saw 18 of its levels.
You visited the Abyss 1 time.

You collected 1232 gold pieces.
You spent 175 gold pieces at shops.

Inventory:

Hand Weapons
 a - a +1 spear of venom (weapon)
 b - a +1 vorpal trident
 o - a +3 halberd
Missiles
 q - 58 poisoned darts (quivered)
 S - 5 curare-tipped darts
Armour
 c - a +2 pair of boots (worn)
 f - a +2 pair of gloves (worn)
 s - a +3 chain mail of magic resistance (worn)
 J - a +2 ring mail of magic resistance
 O - a +2 cloak (worn)
Jewellery
 i - a +4 ring of evasion (right hand)
 p - an amulet of regeneration (around neck)
 r - an uncursed ring of flight
 X - the ring "Inelodgh" (left hand) {rPois MP+9 Int+4}
   (You found it on level 4 of the Lair of Beasts)

   [ring of magical power]

   It affects your intelligence (+4).
   It protects you from poison.
   It affects your magic capacity (+9).
Wands
 A - a wand of acid (20)
 Q - a wand of enslavement (10)
Scrolls
 e - 12 scrolls of remove curse
 u - 2 scrolls of enchant armour
 y - a scroll of amnesia
 E - a scroll of fog
 L - 4 scrolls of enchant weapon
Potions
 d - 2 potions of invisibility
 g - 4 potions of flight
 h - 2 potions of magic
 j - 3 potions of might
 m - 4 potions of heal wounds
 w - 3 potions of cancellation
 x - 4 potions of mutation
 B - 4 potions of curing
 K - a potion of ambrosia {unknown}
 P - 3 potions of lignification
 R - 2 potions of resistance
 U - a potion of brilliance {unknown}
 Y - a potion of stabbing {unknown}
Miscellaneous
 W - a lightning rod (4/4)


   Skills:
 + Level 10.1 Fighting
 + Level 12.1 Polearms
 + Level 8.9 Throwing
 + Level 11.6 Armour
 + Level 5.3 Dodging
 - Level 6.1 Stealth
 + Level 0.9 Unarmed Combat
 + Level 7.5 Spellcasting
 + Level 0.3 Conjurations
 + Level 10.4 Hexes
 + Level 10.7 Invocations
 + Level 1.7 Evocations


You had 18 spell levels left.
You knew the following spells:

 Your Spells              Type           Power        Failure   Level
a - Confusing Touch       Hex            #####...     2%          3
b - Slow                  Hex            #####...     1%          2
c - Tukima's Dance        Hex            #####...     2%          3
d - Dazzling Flash        Conj/Hex       ###...       22%         3

Your spell library contained the following spells:

 Spells                   Type           Power        Failure   Level
 Corona                   Hex            #####..      1%          1
 Ensorcelled Hibernation  Hex/Ice        ###...       12%         2
 Magic Dart               Conj           #...         50%         1
 Animate Skeleton         Necr           #.....       54%         1
 Apportation              Tloc           #.....       54%         1
 Beastly Appendage        Tmut           #.....       54%         1
 Pain                     Necr           #...         54%         1
 Summon Small Mammal      Summ           #...         54%         1
 Call Imp                 Summ           #.......     69%         2
 Wereblood                Tmut           #.......     69%         2
 Conjure Flame            Conj/Fire      #.......     88%         3
 Mephitic Cloud           Conj/Pois/Air  #.......     88%         3
 Spider Form              Tmut/Pois      #.........   89%         3
 Vampiric Draining        Necr           #.........   89%         3
 Animate Dead             Necr           #.........   100%        4
 Ice Form                 Ice/Tmut       #.......     100%        4
 Agony                    Necr           #.......     100%        5
 Blade Hands              Tmut           #.........   100%        5
 Blink                    Tloc           Unusable     N/A         2

Dungeon Overview and Level Annotations

Branches:
Dungeon (12/15)            Temple (0/1) D:4            Lair (6/6) D:11
  Swamp (0/4) Lair:4       Spider (0/4) Lair:2          Orc (0/2) D:10
  Slime: Lair:5-6

Altars:
Fedhas
Kikubaaqudgha
Ru
Trog
Vehumet
Xom
The Shining One

Shops:
D:5 *

Portals:
Trove: D:12 (show abyssal rune of Zot)

Annotations:
D:2 1 runed translucent door, Crazy Yiuf
D:4 1 runed translucent door
D:6 2 transporters
D:12 corrupted
Lair:1 2 transporters, 2 runed translucent doors, Golfball's ghost, journeyman TrMo
Lair:5 1 exclusion
Lair:6 exclusion: 5 oklob plants


Innate Abilities, Weirdness & Mutations

You cannot be hasted, slowed, berserked, paralysed or teleported.
You can dig through walls and to a lower floor.
Your four strong arms can wield two-handed weapons with a shield.
You have a pair of large antennae on your head. (SInv)


Message History

The dire elephant trunk-slaps you but does no damage.
You hit the dire elephant but do no damage.
The dire elephant is moderately wounded.
You hit the dire elephant but do no damage.
The dire elephant is moderately wounded.
Your hands stop glowing.
The dire elephant tramples you.
You stumble backwards!
You hit the dire elephant.
The dire elephant looks as sick as possible!
The dire elephant is moderately wounded.
You hit the dire elephant but do no damage.
The dire elephant is moderately wounded.
The dire elephant tramples you!
* * * LOW HITPOINT WARNING * * *
You stumble backwards!
You hit the dire elephant.
The dire elephant is moderately wounded.
Unknown command.
The dire elephant tramples you!!
You die...

#######.#...............?.....#.
##...(##.#........##.###......###
#P.....#.#........#####.......##.
#......#.#♣.......###.P..#....##P
#.....##.#........##......#....#(
##....#..#.........'....##....#(.
##'####.##.......P##....##....(..
#...#.†.#♣.........#P######....#.
#...#†###.......@.####.# #......#
#..##.##.........Y####.###.......
#..#..##.........................
#..#.##♣.........................
#.##.# ♣.........................
♣....# #♣........(.#..##.........
#8#.#####....?...#########.......
....'..P#♣.......# #..#####......
♣..##...##.......###.....#.#...##


You could see a dire elephant (extremely poisoned).

Vanquished Creatures
  Gastronok (Lair:2)
  An entropy weaver (Lair:5)
  5 dire elephants
  Josephine (Lair:4)
  5 hydras
  A boulder beetle (Lair:5)
  A catoblepas (Lair:3)
  An anaconda (Lair:6)
  A queen ant (Lair:4)
  2 two-headed ogres
  Sonja (Lair:3)
  A fire crab (Lair:4)
  4 unseen horrors
  A wolf spider (Lair:2)
  A cyclops (D:10)
  A manticore (D:12)
  17 elephants
  5 black mambas
  Maurice (D:11)
  Psyche (D:11)
  A centaur zombie (D:12)
  Joseph (Lair:1)
  10 cane toads
  A centaur skeleton (D:10)
  9 komodo dragons
  3 rime drakes
  A jumping spider (Lair:2)
  A hornet (D:9)
  3 blink frogs (Lair:5)
  2 redbacks (Lair:2)
  4 wraiths
  5 wyverns
  Grum (D:8)
  A basilisk (Lair:4)
  42 yaks
  Edmund (D:5)
  Menkaure (D:7)
  2 insubstantial wisps (Lair:4)
  24 soldier ants
  24 water moccasins
  Duvessa (D:4)
  4 black bears
  6 ice beasts
  A necrophage (D:9)
  5 orc warriors
  A sky beast (D:10)
  A phantom (D:11)
  25 wolves
  6 ogres
  6 centaurs
  3 big kobolds
  18 bullfrogs
  Dowan (D:4)
  A water moccasin zombie (D:9)
  4 scorpions
  6 killer bees
  14 wights
  2 electric eels (D:6)
  6 howler monkeys
  2 bullfrog zombies
  3 hounds
  2 jellies (D:10)
  A gnoll shaman (D:7)
  4 orc priests
  9 orc wizards
  3 bullfrog skeletons
  Jessica (D:2)
  2 iguanas
  28 worker ants
  6 hell rats (Lair:2)
  2 hound zombies
  A hound skeleton (D:11)
  Robin (D:3)
  A howler monkey zombie (D:6)
  2 worker ant zombies
  3 gnolls (D:7)
  13 adders
  5 white imps
  3 ufetubi
  2 oozes
  An adder skeleton (D:9)
  2 worms
  2 dart slugs
  4 leopard geckos
  40 orcs
  8 bats
  7 giant cockroaches
  17 goblins
  7 hobgoblins
  10 jackals
  18 kobolds
  6 quokkas
  3 ball pythons (D:3)
  6 frilled lizards
  8 rats
533 creatures vanquished.

Vanquished Creatures (collateral kills)
  An elephant (Lair:3)
1 creature vanquished.

Vanquished Creatures (others)
  Jorgrun (D:12)
  A jackal (D:6)
  76 fungi
  76 plants
  2 starspawn tentacles (D:12)
156 creatures vanquished.

Grand Total: 690 creatures vanquished

Notes
Turn   | Place    | Note
-------+----------+-------------------------------------------
     0 | Abyss:1  | marklar909 the Formicid Abyssal Knight began the quest for
                  | the Orb.
     0 | Abyss:1  | Reached XP level 1. HP: 18/18 MP: 2/2
    48 | Abyss:1  | Noticed a tentacled starspawn
    60 | Abyss:1  | Noticed a small abomination
    66 | Abyss:1  | Noticed a spatial maelstrom
    67 | Abyss:1  | Noticed a spatial vortex
    67 | D:1      | Escaped the Abyss
   322 | D:1      | Reached XP level 2. HP: 23/24 MP: 3/3
   556 | D:1      | Reached XP level 3. HP: 30/30 MP: 4/4
   559 | D:1      | Reached * piety under Lugonu
   912 | D:1      | Reached skill level 3 in Polearms
  1169 | D:2      | Noticed Jessica
  1175 | D:2      | Reached XP level 4. HP: 37/37 MP: 5/5
  1179 | D:2      | Killed Jessica
  1179 | D:2      | Reached skill level 1 in Dodging
  1179 | D:2      | Reached skill level 1 in Stealth
  1390 | D:2      | Found a runed translucent door.
  1391 | D:2      | Noticed Crazy Yiuf
  1536 | D:2      | Reached XP level 5. HP: 31/42 MP: 6/6
  1991 | D:2      | Found a bloodstained altar of Trog.
  2042 | D:2      | Reached ** piety under Lugonu
  2612 | D:3      | Noticed Robin
  2644 | D:3      | Reached skill level 4 in Polearms
  2666 | D:3      | Killed Robin
  2826 | D:3      | Reached XP level 6. HP: 48/48 MP: 7/7
  2885 | D:3      | Found a sacrificial altar of Ru.
  3152 | D:3      | Reached *** piety under Lugonu
  3171 | D:4      | Noticed an ogre
  3964 | D:4      | Noticed Duvessa
  3965 | D:4      | Noticed Dowan
  4382 | D:4      | Reached XP level 7. HP: 50/55 MP: 7/9
  4599 | D:4      | Found a staircase to the Ecumenical Temple.
  4899 | D:4      | Found a runed translucent door.
  4899 | D:4      | Noticed an angel
  4900 | D:4      | Found a glowing golden altar of the Shining One.
  5148 | D:4      | Killed Duvessa
  5148 | D:4      | Reached skill level 1 in Throwing
  5166 | D:4      | Killed Dowan
  5166 | D:4      | Reached skill level 5 in Polearms
  5356 | D:4      | Found an ancient bone altar of Kikubaaqudgha.
  5356 | D:4      | Found a blossoming altar of Fedhas.
  5358 | D:4      | Found a radiant altar of Vehumet.
  5407 | D:5      | Entered Level 5 of the Dungeon
  5547 | D:5      | Noticed a water moccasin
  5567 | D:5      | Killed a water moccasin
  5568 | D:5      | HP: 2/55 [white imp/puff of frost (2)]
  5597 | D:5      | Reached XP level 8. HP: 20/61 MP: 10/10
  5917 | D:5      | Found Miunuer's General Store.
  5924 | D:5      | Bought a scroll of enchant armour for 75 gold pieces
  5924 | D:5      | Bought a potion of magic for 80 gold pieces
  5924 | D:5      | Bought a scroll of noise for 10 gold pieces
  5924 | D:5      | Bought a potion of degeneration for 10 gold pieces
  6000 | D:5      | Noticed Edmund
  6019 | D:5      | Killed Edmund
  6280 | D:5      | Reached skill level 5 in Fighting
  7543 | D:5      | Reached skill level 5 in Invocations
  7554 | D:5      | Reached skill level 6 in Polearms
  7749 | D:6      | Found a transporter.
  7766 | D:5      | Reached XP level 9. HP: 68/68 MP: 11/13
  8035 | D:6      | Noticed a kobold demonologist
  8078 | D:6      | Found a transporter.
  8212 | D:6      | Noticed a kobold demonologist
  8322 | D:6      | Reached skill level 5 in Throwing
  9077 | D:6      | Reached skill level 5 in Armour
  9206 | D:7      | Noticed Menkaure
  9391 | D:7      | Killed Menkaure
  9457 | D:7      | Found a shimmering altar of Xom.
  9928 | D:7      | Reached skill level 7 in Polearms
 10194 | D:7      | Reached XP level 10. HP: 54/74 MP: 15/15
 10292 | D:7      | Reached **** piety under Lugonu
 10933 | D:8      | Noticed a two-headed ogre
 10951 | D:8      | Killed a two-headed ogre
 11218 | D:8      | Noticed Grum
 11231 | D:8      | Killed Grum
 11295 | D:8      | Reached skill level 8 in Polearms
 12133 | D:9      | Reached XP level 11. HP: 81/81 MP: 17/17
 12140 | D:9      | Reached ***** piety under Lugonu
 12190 | D:9      | Reached skill level 1 in Evocations
 12384 | D:9      | Learned a level 3 spell: Confusing Touch
 12628 | D:10     | Entered Level 10 of the Dungeon
 12702 | D:10     | Reached skill level 1 in Spellcasting
 12702 | D:10     | Noticed an unseen horror
 12723 | D:10     | Reached skill level 1 in Hexes
 12790 | D:10     | Killed an unseen horror
 13189 | D:10     | Found a staircase to the Orcish Mines.
 13478 | D:11     | Reached skill level 9 in Polearms
 13666 | D:11     | Noticed a two-headed ogre
 13684 | D:11     | Killed a two-headed ogre
 13697 | D:11     | Noticed Psyche
 13736 | D:11     | Killed Psyche
 13998 | D:11     | Reached XP level 12. HP: 83/89 MP: 19/19
 14141 | D:11     | Noticed Maurice
 14163 | D:11     | Killed Maurice
 14216 | D:11     | Identified the +8 short sword of the Many Continents
                  | {freeze, *Drain rElec rN+}
 14575 | D:11     | Found a staircase to the Lair.
 14836 | D:12     | Noticed an unseen horror
 14851 | D:12     | Killed an unseen horror
 14881 | D:11     | Reached skill level 10 in Invocations
 15093 | D:12     | Noticed an unseen horror
 15104 | D:12     | Killed an unseen horror
 15115 | D:12     | Noticed an unseen horror
 15130 | D:12     | Killed an unseen horror
 15141 | D:12     | Noticed an eight-headed hydra
 15468 | D:12     | Reached skill level 10 in Polearms
 15524 | D:12     | Noticed Jorgrun
 15529 | D:12     | Corrupted D:12
 15529 | D:12     | Noticed a tentacled starspawn
 15529 | D:12     | Noticed a hellephant
 15529 | D:12     | Noticed a starcursed mass
 15530 | D:12     | Noticed a glowing orange brain
 15584 | D:12     | Killed Jorgrun
 15584 | D:12     | Reached skill level 5 in Hexes
 15587 | D:12     | Noticed a large abomination
 16302 | D:12     | Noticed a starcursed mass
 16486 | D:12     | Noticed a tentacled starspawn
 16493 | D:12     | Noticed a thrashing horror
 16643 | D:12     | Found a portal to a secret trove of treasure.
 16776 | D:11     | Learned a level 2 spell: Slow
 16818 | Lair:1   | Entered Level 1 of the Lair of Beasts
 17268 | Lair:1   | Found a transporter.
 17269 | Lair:1   | Noticed Joseph
 17271 | Lair:1   | Noticed a fire crab
 17293 | Lair:1   | Killed Joseph
 17483 | Lair:1   | Reached XP level 13. HP: 93/98 MP: 9/20
 17919 | Lair:1   | Found a transporter.
 17930 | Lair:1   | Found a large runed translucent door.
 17930 | Lair:1   | Found a large runed translucent door.
 17932 | Lair:1   | Noticed Golfball's ghost (journeyman TrMo)
 18738 | Lair:2   | Noticed a six-headed hydra
 18762 | Lair:2   | Killed a six-headed hydra
 18864 | Lair:2   | Noticed Gastronok
 18922 | Lair:2   | Killed Gastronok
 19181 | Lair:2   | Learned a level 3 spell: Tukima's Dance
 20016 | Lair:2   | Found a hole to the Spider Nest.
 20460 | Lair:3   | Noticed Sonja
 20501 | Lair:3   | Killed Sonja
 20746 | Lair:3   | Reached skill level 5 in Stealth
 20805 | Lair:3   | Reached skill level 11 in Polearms
 21000 | Lair:3   | Reached skill level 5 in Spellcasting
 21315 | Lair:3   | Reached XP level 14. HP: 102/106 MP: 19/21
 21951 | Lair:3   | Learned a level 3 spell: Dazzling Flash
 22045 | Lair:4   | Reached skill level 10 in Armour
 22510 | Lair:4   | Found a staircase to the Swamp.
 22555 | Lair:4   | Got a brightly glowing tin ring
 22922 | Lair:4   | Reached ****** piety under Lugonu
 22986 | Lair:4   | Noticed Josephine
 23598 | Lair:4   | Killed Josephine
 23598 | Lair:4   | Reached skill level 5 in Dodging
 24101 | Lair:5   | Found a gate leading to a gauntlet.
 24314 | Lair:5   | Identified the ring "Inelodgh" {rPois MP+9 Int+4} (You
                  | found it on level 4 of the Lair of Beasts)
 24827 | Lair:5   | Reached skill level 10 in Hexes
 25118 | Lair:5   | Noticed an entropy weaver
 25201 | Lair:4   | Banished an entropy weaver
 25442 | Lair:5   | Noticed an entropy weaver
 25475 | Lair:5   | Killed an entropy weaver
 25713 | Lair:6   | Entered Level 6 of the Lair of Beasts
 26678 | Lair:6   | Reached XP level 15. HP: 104/115 MP: 25/25
 26844 | Lair:6   | Found a blossoming altar of Fedhas.
 27659 | Lair:5   | Reached skill level 12 in Polearms
 28059 | Lair:5   | Reached skill level 10 in Fighting
 29237 | Lair:6   | Slain by a dire elephant

Illustrated notes

Levels and vault maps discovered:
D:1:      enne_arrival_octagon_isle, layout_basic, minmay_crystal_room
D:2:      layout_basic, trog_three_pillars_becter, uniq_jessica,
          uniq_crazy_yiuf_cottage
D:3:      layout_basic, minmay_misc_feat_nine_boxes,
          nicolae_ru_sacrificial_ziggurat, uniq_robin
D:4:      layout_cave_pools, nicolae_overflow_hidden_temple,
          minmay_temple_entry_purple_smoke, lemuel_angel_altar, uniq_duvessa
D:5:      layout_basic, serial_shops, shop, uniq_edmund
D:6:      gammafunk_wand_slinger, layout_rooms, kennysheep_dice
D:7:      layout_loops_ring, old_standard_altar, serial_glass, glass_columns_b,
          glass_columns_b, uniq_menkaure
D:8:      layout_loops_ring, uniq_grum
D:9:      layout_rooms, columned_hall_lemuel
D:10:     layout_gridville, orc_0_dummy
D:11:     layout_basic, due_lair_maze_entry_diamond,
          kennysheep_opposing_triangles, uniq_maurice, uniq_psyche
D:12:     mludivico_vault, layout_basic, nicolae_trove_entry_columns,
          serial_rivers, chequers_serial_rivers_small_3,
          chequers_serial_rivers_micro_e, chequers_serial_rivers_micro_e,
          chequers_serial_rivers_marsh, chequers_serial_rivers_micro_c,
          chequers_serial_rivers_room_b, uniq_fannar, uniq_jorgrun
Lair:1:   gammafunk_cloud_chamber, layout_cave_pods,
          ebering_ghost_disaster_area, serial_bayou_crossing, uniq_joseph
Lair:2:   layout_concentric_octagons, spider_nest_entry_funnel_web,
          hibernation_bobbens, grunt_megastairs_2, uniq_gastronok
Lair:3:   layout_cave_pods, uniq_sonja
Lair:4:   layout_hall_layers, minmay_swamp_entry_wisps, uniq_josephine
Lair:5:   layout_roguey, gauntlet_entry_generic, minivault_29
Lair:6:   due_jungle_book, layout_regular_city, minmay_slime_entry_oklob_open,
          tgw_fedhas

Skill      XL: |  1  2  3  4  5  6  7  8  9 10 11 12 13 14 15 |
---------------+----------------------------------------------+-----
Polearms       | 3 4 5 6 7 8 9 10 11 12 | 12.1
Fighting       | 4 5 6 7 8 9 10 | 10.1
Dodging        | 1 2 3 4 5 |  5.3
Stealth        | 1 2 4 5 6 |  6.1
Armour         | 3 4 5 6 7 8 9 11 | 11.6
Invocations    | 3 5 7 8 9 10 | 10.7
Throwing       | 2 3 5 6 7 8 |  8.9
Evocations     | 1 |  1.7
Spellcasting   | 3 4 5 6 7 |  7.5
Hexes          | 3 5 9 10 | 10.4
Unarmed Combat | |  0.9
Conjurations   | |  0.3

Action                   |  1- 3 |  4- 6 |  7- 9 | 10-12 | 13-15 || total
-------------------------+-------+-------+-------+-------+-------++-------
Melee: Spear             |   100 |   255 |    10 |  1014 |  2218 ||  3597
       Trident           |       |       |   227 |   198 |    23 ||   448
       Unarmed           |       |       |    13 |       |       ||    13
       Punch             |       |       |       |     3 |     6 ||     9
Throw: Dart              |       |    12 |   134 |   150 |   129 ||   425
 Cast: Slow              |       |       |       |     6 |    47 ||    53
       Confusing Touch   |       |       |       |     1 |    72 ||    73
       Dazzling Flash    |       |       |       |       |     1 ||     1
Invok: Depart the Abyss  |     1 |       |       |       |       ||     1
       Bend Space        |       |       |    15 |     9 |     1 ||    25
       Corrupt           |       |       |       |     1 |       ||     1
       Banish            |       |       |       |       |     2 ||     2
 Abil: Dig               |       |     2 |     3 |     1 |     8 ||    14
Evoke: Wand              |       |       |     2 |    19 |       ||    21
       Lightning rod     |       |       |       |       |     2 ||     2
  Use: Scroll            |       |     6 |    12 |     4 |    12 ||    34
       Potion            |       |       |     3 |       |       ||     3
 Stab: Sleeping          |       |     1 |       |     5 |       ||     6
       Distracted        |       |       |     1 |       |       ||     1
       Confused          |       |       |       |     1 |   141 ||   142
Armor: Leather armour    |    55 |    31 |       |       |       ||    86
       Ring mail         |       |    37 |       |       |       ||    37
       Scale mail        |       |    12 |    70 |    75 |       ||   157
       Skin              |       |       |     5 |       |       ||     5
       Chain mail        |       |       |       |   304 |   672 ||   976
Dodge: Dodged            |    73 |   152 |   192 |   575 |   830 ||  1822

Table legend: (Time is in decaauts)
 A = Elapsed time spent in this place.
 B = Non-inter-level travel time spent in this place.
 C = Inter-level travel time spent in this place.
 D = Time resting spent in this place.
 E = Time spent auto-exploring this place.
 F = Levels seen in this place.
 G = Mean time per level.
                   A        B        C        D        E       F      G
               +--------+--------+--------+--------+--------+-----+--------+
         Total |  27721 |  25886 |   1835 |   5455 |  14377 |  19 | 1459.0 |
       Dungeon |  16584 |  15545 |   1039 |   3702 |   8406 |  12 | 1382.0 |
          Lair |  11070 |  10275 |    795 |   1752 |   5922 |   6 | 1845.0 |
         Abyss |     67 |     67 |      0 |      0 |     48 |   1 |   67.0 |
               +--------+--------+--------+--------+--------+-----+--------+

Top non-repeatable levels by time:
  Lair:6: 2657 daAuts
    D:11: 2390 daAuts
  Lair:3: 2230 daAuts
     D:5: 2112 daAuts
  Lair:2: 1976 daAuts
     D:3: 1870 daAuts
     D:6: 1643 daAuts
  Lair:5: 1584 daAuts
  Lair:1: 1433 daAuts
     D:4: 1356 daAuts
     D:2: 1281 daAuts
     D:1: 1246 daAuts
     D:7: 1208 daAuts
  Lair:4: 1186 daAuts
    D:10: 1028 daAuts
